 Dungeon Crawl Stone Soup version 0.32-a0-290-g598725c5f2 (webtiles) character file.

Game seed: 17818518372084295776

268 kae the Changeling (level 6, -2/45 HPs)
             Began as a Demonspawn Shapeshifter on Feb 13, 2024.
             Slain by a gnoll
             ... wielding a +0 spear
              (3 damage)
             ... on level 4 of the Dungeon.
             The game lasted 00:03:08 (3409 turns).

kae the Changeling (Demonspawn Shapeshifter)        Turns: 3409, Time: 00:03:08

Health: -2/45      AC:  3    Str: 14    XL:     6   Next: 0%
Magic:  6/6        EV: 12    Int: 11    God:
Gold:   196        SH:  0    Dex: 14    Spells: 5/5 levels left

rFire   . .          .
                       - Unarmed
rCold   . . .        (no shield)
rNeg    . . .        a - +0 animal skin
rPois   .            (helmet currently unavailable)
rElec   .            (cloak currently unavailable)
rCorr   .            (gloves currently unavailable)
SInv    .            (boots currently unavailable)
Will    .....        (no amulet)
Stlth   +            (no ring)
HPRegen 0.27/turn    (no ring)
MPRegen 0.10/turn

%: no passive effects
@: beast-form
A: beast (slay +2), rugged brown scales 1, ignite blood 1, weakness stinger 2
a: Begin Untransformation


You were on level 4 of the Dungeon.
You were a hulking beast.
You visited 1 branch of the dungeon, and saw 4 of its levels.

You collected 196 gold pieces.


Innate Abilities, Weirdness & Mutations

You are a hulking beast.
Your limbs bulge with bestial killing power. (Slay +2)
You are partially covered in rugged brown scales. (AC +1, +3% HP)
Your demonic aura sometimes causes spilled blood to erupt in flames.
You have a tail ending in a sharp stinger.


   Skills:
 - Level 2.3 Fighting
 - Level 1.7 Dodging
 + Level 4.0 Unarmed Combat
 * Level 4.6 Shapeshifting


You had 5 spell levels left.
You didn't know any spells.
Your spell library contained the following spells:

 Spells                   Type           Power      Damage    Failure   Level
 Blink                    Tloc           0%         N/A       47%         2
 Lesser Beckoning         Tloc           0%         N/A       47%         2
 Momentum Strike          Conj/Tloc      0%         3d8       47%         2
 Call Canine Familiar     Summ           0%         N/A       71%         3
 Sigil of Binding         Hex            0%         N/A       71%         3
 Dimensional Bullseye     Hex/Tloc       0%         N/A       98%         4

Inventory:

Missiles
 e - 35 stones (quivered)
 g - 2 boomerangs
 o - a throwing net {=f!f}
Armour
 a - a +0 animal skin (worn)
 j - a +2 pair of boots
   (You found it on level 1 of the Dungeon)
 m - a +2 hat
   (You found it on level 2 of the Dungeon)
 s - a +0 pair of gloves
   (You found it on level 3 of the Dungeon)
Magical Staves
 f - a staff of fire {!a}
   (You found it on level 1 of the Dungeon)
 r - a staff of alchemy {!a}
   (You found it on level 3 of the Dungeon)
Jewellery
 n - the amulet "Ifumunif" {Reflect rF+ SH+5}
   (You found it on level 2 of the Dungeon)

   [amulet of reflection]

   Reflect:   It reflects blocked missile attacks.
   rF+:       It protects you from fire.
   SH+5:      It affects your SH (+5).
Talismans
 c - a beast talisman (active)
 d - a flux talisman
Wands
 b - a wand of paralysis (15)
   (You took it off Ijyb on level 3 of the Dungeon)
Scrolls
 l - 3 scrolls of teleportation {@r4}
 t - a scroll of identify {unknown}
 v - a scroll of fog {unknown}
 x - a scroll of immolation {unknown}
Potions
 h - 4 potions of might {unknown}
 i - 2 potions of curing {unknown}
 k - 2 potions of heal wounds {unknown}
 p - a potion of haste {unknown}
 q - 2 potions of ambrosia {unknown}
 u - a potion of lignification {!q}
 w - a potion of invisibility {unknown}

Dungeon Overview and Level Annotations

Branches:
Dungeon (4/15) Zot: 20579
 Temple: D:4-7

Altars:
Ashenzari
Gozag
Yredelemnul

Annotations:
D:2 Terence
D:4 exclusions: black bear and hobgoblin

#....#............#
#....#............#
#....#............#
#....#............#
#...######'##....#
##g#####....##...>#
#.†..g......#.....#
#...........#.....#
#...........#h[...#
##############$...#
.###..####g...#
......g.......#
......g.......#
..............#
..............#
..............#
###############


You could see a gnoll.


Message History

You regained 16 hp, and now have 33/39 hp.
There is an open door here.
There is an open door here.
Natasha, Servant of Life and Death comes into view. 😎 HP[+6]
Your hp is fully restored (39).
Unknown command.
Natasha hisses angrily.
Unknown command.
Natasha casts a spell at you. The magic dart hits you!
There is an open door here. 😕 HP[-7]
You take 7 damage, and now have 32/39 hp.
You start resting. 😕 HP[+1]
You start resting.
Natasha is nearby!
Unknown command.
Natasha casts a spell at you.
You feel yourself slow down.
You hit Natasha.
Natasha is engulfed in blazing flames.
You kill Natasha!
Natasha yowls pathetically as she dies!
Your Unarmed Combat skill increases to level 4!
You have reached level 6! 😕 HP[+6] MP[+1]
You now have 45 max hp (+6).
You regained 6 hp, and now have 39/45 hp.
Your mp is fully restored (6).
The hobgoblin hits you but does no damage. 😕 HP[+1]
You closely miss the hobgoblin. The hobgoblin barely misses you.
You hit the hobgoblin but do no damage. The hobgoblin hits you. 😕 HP[-3]
You take 3 damage, and now have 37/45 hp.
You barely miss the hobgoblin. The hobgoblin closely misses you.
The hobgoblin hits you but does no damage.
Unknown command.
You hit the hobgoblin. You tail-slap the hobgoblin.
You kill the hobgoblin!
You see here a hobgoblin corpse. 😕 HP[+1] Unknown command.
You start resting.
You feel yourself speed up. 😕 HP[+5]
You regained 5 hp, and now have 43/45 hp.
There is an open door here.
There is an open door here.
There is an open door here.
Key pressed, stopping explore.
There is an open door here.
e - 35 stones (gained 5)
You see here a +0 plate armour.
A gnoll comes into view. It is wielding a +0 flail. 😎 HP[+2]
Your hp is fully restored (45).
A gnoll is nearby!
A gnoll is nearby!
A gnoll is nearby!
The gnoll shouts! x2
Unknown command.
You see here a +0 plate armour.
You start waiting.
A gnoll is nearby!
You hit the gnoll.
The gnoll hits you with a +0 flail! 😮 HP[-12]
You take 12 damage, and now have 33/45 hp.
MASSIVE DAMAGE!! (PAUSE)
You hit the gnoll.
You tail-slap the gnoll, but do no damage.
The gnoll hits you from afar with a +0 spear!
The gnoll barely misses you. 😮 HP[-7]
You take 7 damage, and now have 26/45 hp.
Unknown command.
You barely miss the gnoll. The gnoll completely misses you.
The gnoll hits you with a +0 flail!
* * * LOW HITPOINT WARNING * * *
😨 HP[-7]
You take 7 damage, and now have 19/45 hp.
You hit the gnoll.
The gnoll hits you from afar with a +0 spear.
* * * LOW HITPOINT WARNING * * *
The gnoll hits you with a +0 flail.
* * * LOW HITPOINT WARNING * * *
Unknown command. 😱 HP[-9]
You take 9 damage, and now have 10/45 hp.
You hit the gnoll.
Your tail-slap misses the gnoll.
The gnoll hits you but does no damage. The gnoll hits you with a +0 flail!
* * * LOW HITPOINT WARNING * * *
😱 HP[-9]
You take 9 damage, and now have 1/45 hp.
Unknown command.
You hit the gnoll.
You kill the gnoll!
The gnoll hits you from afar with a +0 spear.
You die...

Skill      XL: |  1  2  3  4  5 |
---------------+----------------+-----
Shapeshifting  | 3 4 |  4.6
Unarmed Combat | 3 4 |  4.0
Fighting       | 2 |  2.3
Dodging        | |  1.7

Action                     |  1- 3 |  4- 6 || total
---------------------------+-------+-------++-------
  Melee: Unarmed           |    83 |    94 ||   177
         Punch             |     5 |     2 ||     7
         Tailslap          |     5 |     9 ||    14
    Use: Scroll            |     4 |     1 ||     5
         Potion            |       |     1 ||     1
   Stab: Sleeping          |     1 |     3 ||     4
 Armour: Animal skin       |    33 |    66 ||    99
         Skin              |       |     4 ||     4
  Dodge: Dodged            |    43 |    50 ||    93

Levels and vault maps discovered:
D:1:      arrival_aquarium_b, layout_rooms
D:2:      layout_basic, basic_altar, corner_web_ring,
          kennysheep_generic_room_12, uniq_terence
D:3:      layout_loops_ring, amethyst_overflow_temple_binary, kennysheep_potato,
          uniq_ijyb
D:4:      layout_gridville, uniq_natasha

Notes
Turn   | Place    | Note
-------+----------+-------------------------------------------
     0 | D:1      | kae the Demonspawn Shapeshifter began the quest for the
                  | Orb.
     0 | D:1      | Reached XP level 1. HP: 15/15 MP: 1/1
     0 | D:1      | magus.rc [v1.11.3]
     3 | D:1      | Noticed an electric eel
     5 | D:1      | Noticed an electric eel
    36 | D:1      | You pick up a book of Spatial Translocations and begin
                  | reading...
    36 | D:1      | You add the spells Blink, Momentum Strike and Lesser
                  | Beckoning to your library.
    62 | D:1      | Reached skill level 3 in Shapeshifting
    62 | D:1      | Gained mutation: You are partially covered in rugged brown
                  | scales. (AC +1, +3% HP) [demonic ancestry]
    62 | D:1      | Reached XP level 2. HP: 5/21 MP: 2/2
   178 | D:1      | Reached skill level 3 in Unarmed Combat
   273 | D:1      | Gained mutation: You have a small tail. [demonic ancestry]
   273 | D:1      | Reached XP level 3. HP: 24/26 MP: 3/3
   674 | D:2      | You pick up a book of the Hunter and begin reading...
   674 | D:2      | You add the spells Sigil of Binding, Call Canine Familiar
                  | and Dimensional Bullseye to your library.
   714 | D:2      | Noticed Terence
   976 | D:2      | Found an opulent altar of Gozag.
   984 | D:2      | Identified the amulet "Ifumunif" {Reflect rF+ SH+5}
  1264 | D:2      | Reached skill level 2 in Fighting
  1544 | D:2      | Gained mutation: You have a tail ending in a sharp stinger.
                  | [demonic ancestry]
  1544 | D:2      | Reached XP level 4. HP: 29/33 MP: 4/4
  1953 | D:3      | Noticed Ijyb
  1960 | D:3      | Paralysed by Ijyb for 2 turns
  1967 | D:3      | Killed Ijyb
  1968 | D:3      | Reached skill level 4 in Shapeshifting
  1968 | D:3      | Gained mutation: Your demonic aura sometimes causes spilled
                  | blood to erupt in flames. [demonic ancestry]
  1968 | D:3      | Reached XP level 5. HP: 39/39 MP: 5/5
  2087 | D:3      | You pick up a book of the Hunter and begin reading...
  2182 | D:3      | Found a broken altar of Ashenzari.
  2191 | D:3      | Found a basalt altar of Yredelemnul.
  2331 | D:3      | HP: 8/39 [hound (4)]
  2334 | D:3      | HP: 1/39 [hound (4)]
  2775 | D:4      | Noticed a black bear
  3102 | D:4      | Noticed Natasha
  3130 | D:4      | Killed Natasha
  3264 | D:4      | Noticed Natasha
  3274 | D:4      | Killed Natasha
  3275 | D:4      | Reached skill level 4 in Unarmed Combat
  3275 | D:4      | Reached XP level 6. HP: 39/45 MP: 6/6
  3407 | D:4      | HP: 10/45 [gnoll/+0 flail (3)]
  3408 | D:4      | HP: 1/45 [gnoll/+0 flail (10)]
  3409 | D:4      | Slain by a gnoll

Vanquished Creatures
  An orc priest (D:2)
  A hound (D:3)
  A sleepcap (D:4)
  Ijyb (D:3)
  Natasha (twice) (D:4)
  2 gnolls
  A dart slug (D:1)
  5 orcs
  6 ball pythons
  4 bats
  5 endoplasms
  A giant cockroach (D:4)
  2 goblins (D:1)
  6 hobgoblins
  10 kobolds
  2 quokkas (D:1)
  3 frilled lizards
  2 rats
55 creatures vanquished.

Table legend:
 A = Non-vault XP
 B = Vault XP
 C = Vault XP percentage of total XP
 D = Non-vault monster count
 E = Vault monster count
 F = Vault count percentage of total count
                 A         B        C        D         E       F
            +---------+---------+-------+---------+---------+-------
      Total |     323 |      76 |  19.0 |      52 |       3 |   5.5
            +---------+---------+-------+---------+---------+-------
        D:1 |      56 |       0 |   0.0 |      15 |       0 |   0.0
        D:2 |      81 |       0 |   0.0 |      13 |       0 |   0.0
        D:3 |      77 |      40 |  34.2 |      14 |       2 |  12.5
        D:4 |     109 |      36 |  24.8 |      10 |       1 |   9.1
            +---------+---------+-------+---------+---------+-------

Skill      XL: |  1  2  3  4  5 |
---------------+----------------+-----
Shapeshifting  | 3 4 |  4.6
Unarmed Combat | 3 4 |  4.0
Fighting       | 2 |  2.3
Dodging        | |  1.7

Action                     |  1- 3 |  4- 6 || total
---------------------------+-------+-------++-------
  Melee: Unarmed           |    83 |    94 ||   177
         Punch             |     5 |     2 ||     7
         Tailslap          |     5 |     9 ||    14
    Use: Scroll            |     4 |     1 ||     5
         Potion            |       |     1 ||     1
   Stab: Sleeping          |     1 |     3 ||     4
 Armour: Animal skin       |    33 |    66 ||    99
         Skin              |       |     4 ||     4
  Dodge: Dodged            |    43 |    50 ||    93

Illustrated notes

Table legend:
 A = Kills in this place as a percentage of kills in the entire game.
 B = Kills by you in this place as a percentage of kills by you in the entire game.
 C = Kills by friends in this place as a percentage of kills by friends in the entire game.
 D = Other kills in this place as a percentage of other kills in the entire game.
 E = Experience gained in this place as a percentage of experience gained in the entire game.
 F = Experience gained in this place divided by the number of levels of this place that you have seen.
                   A       B       C       D       E      F
               +-------+-------+-------+-------+-------+----------------------
         Total | 100.0 | 100.0 |   N/A |   N/A | 100.0 |  99.8
       Dungeon | 100.0 | 100.0 |   N/A |   N/A | 100.0 |  99.8
               +-------+-------+-------+-------+-------+----------------------

Table legend: (Time is in decaauts)
 A = Elapsed time spent in this place.
 B = Non-inter-level travel time spent in this place.
 C = Inter-level travel time spent in this place.
 D = Time resting spent in this place.
 E = Time spent auto-exploring this place.
 F = Levels seen in this place.
 G = Mean time per level.
                   A        B        C        D        E       F      G
               +--------+--------+--------+--------+--------+-----+--------+
         Total |   3419 |   3352 |     67 |    514 |   2325 |   4 |  854.8 |
       Dungeon |   3419 |   3352 |     67 |    514 |   2325 |   4 |  854.8 |
               +--------+--------+--------+--------+--------+-----+--------+

Top non-repeatable levels by time:
     D:4: 965 daAuts
     D:3: 909 daAuts
     D:2: 822 daAuts
     D:1: 722 daAuts
